Workbook
Name \1: #REF!
Name \1: #REF!
Name \1: #REF!
Name \2: [1]TLPPOCT!#REF!
Name \2: [1]TLPPOCT!#REF!
Name \2: [1]TLPPOCT!#REF!
Name \a: #REF!
Name \a: #REF!
Name \a: #REF!
Name \b: #REF!
Name \b: #REF!
Name \b: #REF!
Name \p: #REF!
Name \p: #REF!
Name __1_1_1: #REF!
Name __1_1_1: #REF!
Name __2_1_1_1: #REF!
Name __2_1_1_1: #REF!
Name _1: #REF!
Name _1: #REF!
Name _1_1: #REF!
Name _1_1: #REF!
Name _1_1_1: #REF!
Name _1_1_1: #REF!
Name _1_1_1_1: #REF!
Name _1_1_1_1: #REF!
Name _1_1_1_1_1: #REF!
Name _1_1_1_1_1: #REF!
Name _1_10: #REF!
Name _1_10: #REF!
Name _1_2: #REF!
Name _1_2: #REF!
Name _1_2_1: #REF!
Name _1_2_1: #REF!
Name _1_7: #REF!
Name _1_7: #REF!
Name _1_8: #REF!
Name _1_8: #REF!
Name _1_9: #REF!
Name _1_9: #REF!
Name _10Excel_BuiltIn__FilterDatabase_10_1: #REF!
Name _10Excel_BuiltIn__FilterDatabase_10_1: #REF!
Name _11Excel_BuiltIn__FilterDatabase_11_1: #REF!
Name _11Excel_BuiltIn__FilterDatabase_11_1: #REF!
Name _12Excel_BuiltIn__FilterDatabase_9_1: #REF!
Name _12Excel_BuiltIn__FilterDatabase_9_1: #REF!
Name _13Excel_BuiltIn_Database_1: #REF!
Name _13Excel_BuiltIn_Database_1: #REF!
Name _14Excel_BuiltIn_Database_1_1: #REF!
Name _14Excel_BuiltIn_Database_1_1: #REF!
Name _15Excel_BuiltIn_Database_1_11_1: #REF!
Name _15Excel_BuiltIn_Database_1_11_1: #REF!
Name _16Excel_BuiltIn_Database_1_6_1: #REF!
Name _16Excel_BuiltIn_Database_1_6_1: #REF!
Name _2: [1]TLPPOCT!#REF!
Name _2: [1]TLPPOCT!#REF!
Name _2_1: [1]TLPPOCT!#REF!
Name _2_1: [1]TLPPOCT!#REF!
Name _2_1_1: [1]TLPPOCT!#REF!
Name _2_1_1: [1]TLPPOCT!#REF!

Sheet MG COVER PAGE
A1: Name of Distribution Licensee: M G V C L
A2: Quarter : Q-I (April-May-June- 2023)
A3: Year: 2023-24

Sheet MG SoP 01 (GERC)
A1: Name of Distribution Licensee: M G V C L
A2: Quarter I (Apr-23 to Jun-23)
A3: Year:2023-24
A4: Performa - SoP 001: Fatal and Non-Fatal electrical accident report
A5: NUMBER OF ACCIDENTS FOR THE 1st QUARTER OF 2023-24
A6: Sr. No | B6: Name of Area/Circle | C6: No of accidents in the quarter | H6: Cumulative since the first quarter of the current FY 2023-24 | K6: Cumulative since the first quarter of the Last FY 2022-23
C7: Departmental | E7: Outside | H7: TOTAL | K7: TOTAL
C8: FH | D8: NFH | E8: FH | F8: FA | G8: NFH | H8: FH | I8: FA | J8: NFH | K8: FH | L8: FA | M8: NFH
A9: 1 | B9: Baroda (City) | C9: 0 | D9: 0 | E9: 2 | F9: 0 | G9: 0 | H9: 2 | I9: 0 | J9: =D9+G9 -> 0 | K9: 0 | L9: 0 | M9: 0
A10: 2 | B10: Baroda (O&M) | C10: 0 | D10: 1 | E10: 2 | F10: 10 (1-Pvt) | G10: 1 | H10: 2 | I10: 10 (1-Pvt) | J10: =D10+G10 -> 2 | K10: 1 | L10: 1 | M10: 4
A11: 3 | B11: Anand | C11: 0 | D11: 0 | E11: 7 (3-Pvt) | F11: 4 | G11: 1 | H11: 7 (3-Pvt) | I11: 4 | J11: =D11+G11 -> 1 | K11: 0 | L11: 2 | M11: 1
A12: 4 | B12: Godhra | C12: 0 | D12: 0 | E12: 4 | F12: 13 (1-Pvt) | G12: 1 | H12: 4 | I12: 13 (1-Pvt) | J12: =D12+G12 -> 1 | K12: 6 (4-Pvt) | L12: 3 (1-Pvt) | M12: 1
A13: 5 | B13: Nadiad | C13: 0 | D13: 0 | E13: 0 | F13: 8 | G13: 3 | H13: 0 | I13: 8 | J13: =D13+G13 -> 3 | K13: 6 (2-Pvt) | L13: 4 | M13: 5
B14: TOTAL | C14: 0 | D14: 1 | E14: 15 (3-Pvt) | F14: 35 (2-Pvt) | G14: 6 | H14: 15 (3-Pvt) | I14: 35 (2-Pvt) | J14: =SUM(J9:J13) -> 7 | K14: 13 (6-Pvt) | L14: 10 (1-Pvt) | M14: 11
A15: FH – Fatal Human, FA – Fatal Animal, NFH – Non-fatal Human | G15: 57 | J15: =15+35+J14 -> 57 | M15: 34
A16: PVT - Private Premises Accident.

Sheet SoP 2
A1: Performa – SoP 003: Action taken report for safety measures complied for the electrical accidents occurred
A3: ACTION TAKEN REPORT FOR SAFETY MEASURES COMPLIED FOR THE ELECTRICAL ACCIDENTS OCCURED IN THE FOURTH QUARTER OF FY 2023-24
A5: 1 | B5: 2 | E5: 3 | F5: 4 | L5: 5 | M5: 6 | N5: 7 | O5: 8 | P5: 9 | Q5: 10
A6: Sr. No | B6: Location of Accident and details of the victim | C6: Address | D6: sdn | E6: Date of occurrence | F6: Type of Accident | G6: Installation | I6: Accident Type | L6: Cause of Accident | M6: Findings of CEI / EI / AEI | N6: Remedies suggested by CEI /EI / AEI in various cases | O6: Whether the remedy suggested is complied | P6: Action taken to avoid recurrence of such Accident | Q6: Circle office | R6: Reason
A7: 1 | B7: Thakrda Vijaykumar Dahyabhai, Mujmohda, Sahjanand kutir laghu udhyog gate, Vill/Tal/Dist-Vadodara | E7: 45034 | F7: FHO | L7: LATE. SH. THAKARDA VIJAYKUAMR DAHYABHAI WAS SITTING ON EXISTING RSJ POLE FOR MAINTENANCE WORK OF 11 KV HT LINE AT LOCATION SAHJANAND KUTIR LAGHU UDHYOG GATE,THE LINE CLEAR OF 11 KV SAHJANAND KUTIR WAS TAKEN UNDER PLANN SHUT DOWN,VICTIM WAS FAINTED AND REMAIN AT TOP OF RSJ POLE WHICH WAS BROUGHT DOWN BY LADDER VAN AND TAKEN TO HOSPITAL WHERE HE WAS DECLARED DEAD. THE DEAD BODY HAS BEEN SENT FOR POSTMORTEM.PRIMA FACIE THE CAUSE OF THE DEATH IS MIGHT BE DUE TO RETURN POWER SUPPLY FROM THE GENERATO | M7: Awaited | N7: NA | O7: NA | P7: Show Cause issued to Line Inspector of Atladara Sdn Wide No. - VWD/HR/23/44, Dt-24.04.23 | Q7: Baroda City | R7: 4
A8: 2 | B8: cow of Shri Yogesh Narsinh Makwana, Vill- juni ladvel, Tal-Lunawada, Dist-Mahisagar | E8: 45038 | F8: FA | L8: Due to wind at the juni ladvel vill the tree branch of the Gorasaamli tilted on the 11kv jumper of 11kv Thanasavli ag feeder DO tapping. And due to this the 11kv jumper may have touched with the Do angle of the DP structure And during this fault the animal may have came in contact with GI wire and Hence may get electeic shock.Also it came to notice that Yogesh Narsinh mamwana has tied his animal nearby to the said HT pole. | M8: Awaited | N8: NA | O8: NA | P8: JUMPER REPAIRED AND NECESSARY LINE MAINTENANCE WORK DONE | Q8: Godhra | R8: 2
A9: 3 | B9: BULLOCK of AMALIYAR BACHUBHAI RAMSINGBHAI, GALALIYAWAD SARSATALAI TC, Vill-Galiyawad, Tal/Dist-Dahod | E9: 45046 | F9: FA | L9: DURING PRIMARY INVESTIGATION ON SPOT IT IS LEARNT THAT THE BULLOCK WAS WONDERING NEAR TRANSFORMER CENTER.TRANSFORMER CENTER AND LAND WAS WET DUE TO DAILY USED WATER COMING FROM NEAR BY HOME,THE BULLOCK MAY CAME IN CONTECT WITH TRANSFORMER PSC POLE AND ELECTROCUTED. | M9: Awaited | N9: NA | O9: NA | P9: MAINTENANCE OF TRANSFORMER DONE, NEW EARTHING DONE,PVC PIPE IS ADDED IN EARTHING | Q9: Godhra | R9: 2
A10: 4 | B10: Buffalo of Thakor Ganpathsinh Bhursinh, Bhathhi faliya, Juni Vadi, Tal-Shahera, Dist PMS | E10: 45049 | F10: FA | G10: FA | L10: Due to heavy wind, B Phase to LT 3-ph 4 wire came in contact with angle which was touching stay wire. Since LT GUY was not there, leakage current was there. As buffalo experienced itching, it went near Stay wire got electrocuted and died on the sport. | M10: Awaited | N10: NA | O10: NA | P10: Pole Maimtance done , Stay set Providede By Guy Insnsulator. | Q10: Godhra | R10: 2
A11: 5 | B11: Shree Kishor Mansing damor(Owener 01 nos. Female buffalo), VACHALU FALIYU, Vill-Chundadi, Tal-Singvad, Dist-Dahod | E11: 45050 | F11: FA | G11: FA | L11: Due to fault on LT side conductor snapped, Broken and fall on the ground. During the time of accident, The Buffalo was grazing below the LT line. As the Live conductor fall on the buffalo, came in contact and Electrocuted. | M11: Awaited | N11: NA | O11: NA | P11: Line made PDC due Arrears. | Q11: Godhra | R11: 1
A12: 6 | B12: SHE BUFFALO OF PASAYA VAJESINH SAMABHAI, MAL FALIA, Vill-Rachva, Tal-Dhanpur, Dist-Dahod | E12: 45056 | F12: FA | G12: FA | L12: 11KV CONDUCTOR SNAPPED AND FELL ON GROUND WHERE BUFFALO WAS GRAZING , GOT ELECTROCUTED AND DIED | M12: Awaited | N12: NA | O12: NA | P12: NEW PIN INSULATOR IS INSTALLED AND CONDUCTOR BINDING IS DONE, MAINTENANCE WORK DONE | Q12: Godhra | R12: 1
A13: 7 | B13: Shri Tansingbhai Shakariyabhai Ravat, KOTAR FALIYA, Vill-Abhlod, Tal-Garbada, Dist-Dahod | E13: 45058 | F13: FHO | G13: FHO | L13: As per primary investigation it has found that 11kv Abhlod Ag feeder passing inside boundary area of private land . Digging of soil was going on in that private land . As per site visit soil was dump below the line.the clearance between 11kv line and ground is reduced due to soil dumping below the line. As per eye witness , the victim climb on dumped soil below the line while talking on his mobile and by mistake touch to live conductor gets electric shock and died on spot | M13: Awaited | N13: NA | O13: NA | P13: CLEARANCE FROM GROUND IS MAINTAINED | Q13: Godhra | R13: 6
A14: 8 | B14: SHE-Buffalow of Shree Snajaybhai Najubhai Rathwa, BHUMASVADA ROAD, Vill-Baidiya, Tal-Kawant, Dist-Chhotaudepur | E14: 45068 | F14: FA | G14: FA | L14: AS PER PRIMARY INVESTIGATION INFORMATION RECIEVED FROM VILLEGERS 11 KV CONDUCTOR HAD BROCKEN ADN FALLEN ON GROUND AND SHE-BUFFELO CAME IN CONTECT WITH LIVE CONDUCTOR AND GOT ELECTROCUTED. | M14: AWAITED | N14: NA | O14: NA | P14: CONDUCTOR RE-JOINT & POWER SUPPLY RESTORED. NO OTHER ACTION WAS TAKEN IN THIS MATTER. | Q14: Baroda O&M | R14: 1
A15: 9 | B15: Damoe Parubhai Panjibhai, Bhadroli (Bujarg), Tal-Kalol, Dist-PMS | E15: 45069 | F15: FHO | G15: FHO | L15: Victim was unauthorized trying to provide DO fuse with help of plier and he was electrocuted | M15: Awaited | N15: NA | O15: NA | P15: Guided for not any operation himself on complain in MGVCL | Q15: Godhra | R15: 6
A16: 10 | B16: SHE BUFFALO of Vajesinh Samabhai Pasaya, NILKANTHPURA, Vill-Virol, Tal-Mahemdabad, Dist-Kheda | E16: 45075 | F16: FA | G16: FA | L16: DUE TO HEAVY WIND AND RAIN DURING NIGHT,LT LINE GOT DAMAGED AND DETACHED WIRE CAME IN CONTACT WITH BUFFALO UNDER IT AND GOT ELECROCUTED. | M16: AWAITED | N16: NA | O16: NA | P16: DAMAGED LT LINE WAS REPLACED AND OWNER OF FARM INSTRUCTED TO NOT TIE HIS PET ANIMALS NEAR/UNDER ELECTRICAL LINE/STRUCTURE/POLE. | Q16: Nadiad | R16: 1
A17: 11 | B17: SHRI RAIJIBHAI SHANABHAI TALPADA, mahadev faliyu, Vill-Punaj, Tal-Matar, Dist-Kheda | E17: 45075 | F17: NFHO | G17: NFHO | L17: VICTIM CLIMB ON HIS ROOF AND REARRANGE HIS ROOF ON HIS HOUSE SUDDENLY HE CAME IN CONTACT WITH LIVE WIRE OF 11 KV PUNAJ JGY | M17: AWAITED | N17: NA | O17: NA | P17: Immediately shifted for treatment. | Q17: Nadiad | R17: 6
A18: 12 | B18: RAKESH D. KANOJIYA, Vill-BANAIYA, Tal-Dabhoi, Dist-Vadodara | E18: 45076 | F18: NFHD | G18: NFHD | L18: while cutting of tree branch on standing psc pole with operating rod victim accidentely came in contact with live conductor.victim got electric shock and fell down from psc pole, | M18: Awaited | N18: NA | O18: NA | P18: instruction of all line staff for use of safety articals at that time of work. | Q18: Baroda O&M | R18: 3
A19: 13 | B19: BUFFALO OF DHIRUBHAI CHATRASINH PARMAR, Ramnagar Sim, Vill-Divel, Tal-Borsad, Dist-Anand | E19: 45076 | F19: FA | G19: FA | L19: SHE BUFFALO CAME ON CONTACT WITH LIVE LT BROKEN CONDUCTOR AND DIED ON SAID PLACE | M19: Awaited | N19: NA | O19: NA | P19: Open LT conductor replaced with 2W AB cable | Q19: Anand | R19: 1
A20: 14 | B20: COW OWNED BY KARSANBHAI DANABHAI BHARWAD, NR NSJ Vill-MACHHIPURA, Tal-Sankheda, Dist-Chhotaudepur | E20: 45077 | F20: FA | G20: FA | L20: Insulation of LT ABC got damaged and slipped which came in contact of GI wire through U clamp and Runnig wire of Un Charged HT ABC laid bt not charged from Village Tc to NSJ DP and got leak at NSJ DP where the cow came in contact of GI for earthing and got electrocuted. | M20: AWAITED | N20: NA | O20: NA | P20: Provided Of Tap in LT ABC | Q20: Baroda O&M | R20: 2
A21: 15 | B21: Vishvarajsinh Dilipsinh Chauhan, Bhaibapura, Vill-Pratappura, Tal-Umreth, Dist-Anand | E21: 45077 | F21: FHO | G21: FHO | L21: Due to Heavy Cyclonic wind nearby tree branch fell on service line of Ranjitsinh U Chauhan, victim was passing from there & at that time victim came in contact to the metal wire used for fixing metal sheets on roof.Due to tree branch fell on service line insulation of service line came in contact with metal sheet of roof and victim might be electroculated on dtd.31.05.23 | M21: Awaited (Visit on 13.06.23) | N21: NA | O21: NA | P21: Tree branch removed. Service line replaced. | Q21: Anand | R21: 2
A22: 16 | B22: Buffalo of Vill-Kanetiya | E22: 45077 | F22: FA | L22: Buffalo passing near from T/C Centre and conatact with LT Distribution Box and got electrcutrd | M22: Awaited | N22: NA | O22: NA | P22: Distribution box in New kit kat fuse provided, GI EARHING done by insulation pipe. | Q22: Godhra | R22: 2
A23: 17 | B23: Abbasmiya Ismailmiya Malek, Vill-Bandhani | E23: 45079 | F23: NFHO | L23: On date 19-06-2023 a letter received from mahelav police station regarding non fatal accident case On Dated 02.06.2023 at approx. time 11:00 hr at Village- Bandhani ,Ta: Petlad on 11 KV Piplav JGY Feeder Loc No mhl/plv jgy/015/9/14 victim shri Abbasmiya Ismailmiya Malek and his colleague were working on new construction construction contract of Udesinh Bakorbhai Solanki's shop near bandhani chowkdi , sunav road and 11 KV Piplav JGY and suddenly victim Abbasmiya Ismailmiya Malek stands on butter | M23: Awaited | N23: NA | O23: NA | P23: Notice issued for unauthorised construction | Q23: Anand | R23: 6
A24: 18 | B24: goats of Vill-Koli na Puvada | E24: 45081 | F24: FA | L24: At that accident place many goats eating a grass near the LT line broken pole. This pole was broken with open 04 wire LT line due to wind storm with heavy rain. And also at dt:-04.06.2023, Sunday in morning approx... 09:30 am wind storm with heavy rain came in this area. So due to wind storm 11KV NAGVAV JGY FDR LT & 11KV GUNA AG FDR LT came in contact with each other and current flow from JGY LT TO AG LT. So at that time goats eating grass near the AG LT line and 03 nos. of goats came in contact | M24: Awaited | N24: NA | O24: NA | P24: REMOVED THE AG And JGY LT LINE CROSSING | Q24: Godhra | R24: 1
A25: 19 | B25: PIYUSHABHAI GOPALBHAI CHUNARA, Vill-Vadodara | E25: 45081 | F25: FHO | L25: DUE TO HEAVY WIND AND CYCLONE THREE PHASE SURVICE WIRE FIRE NEAR JOINTS WITH ABC AND MIGHT BE COME IN TOUCH TEMPORARIALY WITH GIRDER POLE DUE TO WHICH LEAKAGE CURRENT MAY HAVE PASS THROUGH GIRDER POLE AND VICTIM MAY COME IN CONTACT WITH THE GIRDER POLE AND GET ELECTROCUTED EVENTHOUGH AT SITE NO ANY SYMPTOM OF ELCTROCUTION ON RSJ POLE IS FOUND. | M25: Awaited | N25: NA | O25: NA | P25: All burnt Service line are replaced by New one. New Jumpers are provided. | Q25: Baroda City | R25: 2
A26: 20 | B26: SHE CALF OF COW of unknown, Vill-Dabhoi | E26: 45083 | F26: FA | L26: LEAKAGE CURRENT MIGHT BE DUE TO BROKEN STAY WIRE TOUCHED THE LIVE PART OF YAMUNANAGAR DODP | M26: Awaited | N26: NA | O26: NA | P26: stay wire romoved | Q26: Baroda O&M | R26: 2
A27: 21 | B27: Shri Rajubhai Baldevbhai Parmar, Vill-Santrampur | E27: 45087 | F27: FHO | L27: Late Shri Rajubhai baldevbhai Parmar, resident of Rampiri Chali, Jamalpur, Ahmedabad, on 10.06.2023, at around 17.00 Hrs, a labourer of New France Bakery (Bakery opened on Rent by Naushad Yusuf Ansari, Ahmedabad) at the ground floor beneath Aarzoo Auto Parts, climbed the terrace of the building owned by Salim Ishaq Bhura, to finalize the location of New France Bakery Bill Board, alongwith his neice, but unknowingly he came in contact with the H.T. Line. Afterwards, he became unconscious & uncomf | M27: Awaited | N27: NA | O27: NA | P27: NOTICE ISSUED TO PARTY FOR UN AUTHORISED CONSTRUCTION | Q27: Godhra | R27: 6
A28: 22 | B28: 2NOS COW & 1NO CALF, Vill-NIZRAN DILGAM | E28: 45088 | F28: FA | L28: CONDUCTOR SNAP DUE TO TREE BRANCH FALLEN ON POLE NO. JGD/KDV/HPR/253 | M28: Awaited | N28: NA | O28: NA | P28: Tree cutting work done and restringing Of conductor done. | Q28: Godhra | R28: 1
A29: 23 | B29: jagdishbhai govindbhai sejva, Vill-Rajnagar | E29: 45088 | F29: FHO | L29: Suspected | M29: Awaited | N29: NA | O29: NA | P29: Re-stringing of conductor | Q29: Baroda O&M | R29: 8
A30: 24 | B30: Sh. Vinubhai Ninama, Vill-Ratanpur | E30: 45088 | F30: NFHO | L30: As per site visit and eyewitness statement, at open space of the Bharatnagar society, Between HT pole location of KTB/KTB/JGY/101 & KTB/KTB/JGY/101/01 under the HT line of 11 kV Khatamba feeder, Sh. Vinubhai Ninama, driver of Eicher Dumper, was doing ‘land levelling -Mati Puran’ work in the open space of the Bharatnagar society, in front of house of Sh. Shelabhai Rama Bhai Bharwad at the request/ instruction of him (i.e. Sh. Shelabhai Rama Bhai Bharwad), resident of Bharatnagar Society. During | M30: AWAITED | N30: No | O30: No | P30: both side v cross arm extention | Q30: Baroda O&M | R30: 6
A31: 25 | B31: Manekben Bharatbhai Padhiyar, Vill-Kalamsar | E31: 45092 | F31: FHO | L31: Due to Heavy wind flow in " BIPARJOY" cyclone , Service wire and its support GI wire broken at the same time victim may came in contact with service wire and GI wire and electrocuted. | M31: Awaited | N31: NA | O31: NA | P31: Removed broken GI wire and rectified by providing new service line | Q31: Anand | R31: 2
A32: 26 | B32: 2 BUFFALO AND 1 CALF of Vill-Nadiad | E32: 45093 | F32: FA | L32: DUE TO HEAVY WIND LT OPEN POLE BROKEN AND CONDUCTOR SNAPPED DOWN AND 2 BUFFALO AND 1 CALF CAUGHT IN TOUCH WITH LIVE CONDUCTOR AND ELECTROCULATED | M32: AWAITED | N32: NA | O32: NA | P32: LT line passing through trees is re-routed and open conductor changed to AB Cable. | Q32: Nadiad | R32: 1
A33: 27 | B33: COW OF LALITBHAI NARANBHAI PATEL, Vill-Shahpura | E33: 45093 | F33: FA-Pvt | L33: As per statement and information recieved from eye witness & owner, due to heavy wind and rainfall, conductor of streetlight snapped and buffalo which was tied underneath the LT Line, came in contact with live wire and got electrical shock & died on the spot | M33: AWAITED | N33: No | O33: No | P33: strert light wire joint and gaurdine done | Q33: Baroda O&M | R33: 8
... A63: 57 | B63: DHIRUSINGBHAI RAYSINGBHAI BARIA, Vill-CHAMARIA | E63: 45107 | F63: NFHO | L63: As per primary investigation information recieved from MGVCL ZALOD staff who are working on site , rectifying broken 11kv line conductor they isolated all the location of live power and doing work on site while stringing the 11kv wire victim who is standing near the location and he had tried to away conductor from house with his hand and elecrocuted and injured on both hand. | M63: Awaited | N63: NA | O63: NA | P63: BROKEN CONDUCTOR OF 11KV NENKI JGY FEEDER RECTIFIED | Q63: Godhra | R63: 2

Sheet MG SoP 03 
A1: ='[25]MG COVER PAGE'!A1 -> Name of Distribution Licensee: M G V C L
A2: ='[25]MG COVER PAGE'!A2 -> Quarter : Q-I (Apr-May-Jun-2023-24)
A3: ='[25]MG COVER PAGE'!A3 -> Year: 2023-24
A4: REGISTER FOR COMPILING THE COMPLAINTS CLASSIFICATIONWISE Q-I 2023
A5: Performa SoP 003 B: | E5: APPENDIX-B (already in the SoP regulation)
A6: Classification | B6: Nature of Complaints | C6: Pending complaints of previous qtr. | D6: Complaints received during the qtr. | E6: Total Complaints =2+3 | F6: No. of Complaints redressed during the quarter. | K6: Balance Complaints to be redressed. (4) – (9)
F7: In stipulated time | H7: Beyond stipulated time | J7: Total (5) to (8)
F8: Within 50% of stipulated time. | G8: Within stipulated time. | H8: Up to double the stipulated time | I8: More than double the stipulated time
B9: 1 | C9: 2 | D9: 3 | E9: 4 | F9: 5 | G9: 6 | H9: 7 | I9: 8 | J9: 9 | K9: 10
A10: A(i) | B10: Loose Connection | C10: 0 | D10: ='[25]MG SoP 03B (BC)'!D10+'[25]MG SoP 03B (BO)'!D10+'[25]MG SoP 03B (And)'!D10+'[25]MG SoP 03B (Nad)'!D10+'[25]MG SoP 03B (Gdr)'!D10 -> 95364.182 | E10: =C10+D10 -> 95364.182 | F10: ='[25]MG SoP 03B (BC)'!F10+'[25]MG SoP 03B (BO)'!F10+'[25]MG SoP 03B (And)'!F10+'[25]MG SoP 03B (Nad)'!F10+'[25]MG SoP 03B (Gdr)'!F10 -> 40157.633 | G10: ='[25]MG SoP 03B (BC)'!G10+'[25]MG SoP 03B (BO)'!G10+'[25]MG SoP 03B (And)'!G10+'[25]MG SoP 03B (Nad)'!G10+'[25]MG SoP 03B (Gdr)'!G10 -> 55206.549 | H10: 0 | I10: 0 | J10: =SUM(F10:I10) -> 95364.182 | K10: =E10-J10 -> 0
A11: A(ii) | B11: Intruption due to line Break down | C11: 0 | D11: ='[25]MG SoP 03B (BC)'!D11+'[25]MG SoP 03B (BO)'!D11+'[25]MG SoP 03B (And)'!D11+'[25]MG SoP 03B (Nad)'!D11+'[25]MG SoP 03B (Gdr)'!D11 -> 55669.313 | E11: =C11+D11 -> 55669.313 | F11: ='[25]MG SoP 03B (BC)'!F11+'[25]MG SoP 03B (BO)'!F11+'[25]MG SoP 03B (And)'!F11+'[25]MG SoP 03B (Nad)'!F11+'[25]MG SoP 03B (Gdr)'!F11 -> 21362.405 | G11: ='[25]MG SoP 03B (BC)'!G11+'[25]MG SoP 03B (BO)'!G11+'[25]MG SoP 03B (And)'!G11+'[25]MG SoP 03B (Nad)'!G11+'[25]MG SoP 03B (Gdr)'!G11 -> 34306.908 | H11: 0 | I11: 0 | J11: =SUM(F11:I11) -> 55669.313 | K11: =E11-J11 -> 0
A12: A(iii) | B12: Intruption due to T/C Fail | C12: 0 | D12: ='[25]MG SoP 03B (BC)'!D12+'[25]MG SoP 03B (BO)'!D12+'[25]MG SoP 03B (And)'!D12+'[25]MG SoP 03B (Nad)'!D12+'[25]MG SoP 03B (Gdr)'!D12 -> 5897.6104 | E12: =C12+D12 -> 5897.6104 | F12: ='[25]MG SoP 03B (BC)'!F12+'[25]MG SoP 03B (BO)'!F12+'[25]MG SoP 03B (And)'!F12+'[25]MG SoP 03B (Nad)'!F12+'[25]MG SoP 03B (Gdr)'!F12 -> 2535.9578 | G12: ='[25]MG SoP 03B (BC)'!G12+'[25]MG SoP 03B (BO)'!G12+'[25]MG SoP 03B (And)'!G12+'[25]MG SoP 03B (Nad)'!G12+'[25]MG SoP 03B (Gdr)'!G12 -> 3361.6526 | H12: 0 | I12: 0 | J12: =SUM(F12:I12) -> 5897.6104 | K12: =E12-J12 -> 0
A13: B(i) | B13: Quality of power supply,ordinary case which require no Augmentation | C13: 0 | D13: ='[25]MG SoP 03B (BC)'!D13+'[25]MG SoP 03B (BO)'!D13+'[25]MG SoP 03B (And)'!D13+'[25]MG SoP 03B (Nad)'!D13+'[25]MG SoP 03B (Gdr)'!D13 -> 7437.1881 | E13: =C13+D13 -> 7437.1881 | F13: ='[25]MG SoP 03B (BC)'!F13+'[25]MG SoP 03B (BO)'!F13+'[25]MG SoP 03B (And)'!F13+'[25]MG SoP 03B (Nad)'!F13+'[25]MG SoP 03B (Gdr)'!F13 -> 5244.3071 | G13: ='[25]MG SoP 03B (BC)'!G13+'[25]MG SoP 03B (BO)'!G13+'[25]MG SoP 03B (And)'!G13+'[25]MG SoP 03B (Nad)'!G13+'[25]MG SoP 03B (Gdr)'!G13 -> 2192.881 | H13: 0 | I13: 0 | J13: =SUM(F13:I13) -> 7437.1881 | K13: =E13-J13 -> 0
A14: B(ii) | B14: Quality of power supply,ordinary case which require Augmentation | C14: 0 | D14: ='[25]MG SoP 03B (BC)'!D14+'[25]MG SoP 03B (BO)'!D14+'[25]MG SoP 03B (And)'!D14+'[25]MG SoP 03B (Nad)'!D14+'[25]MG SoP 03B (Gdr)'!D14 -> 4546.6142 | E14: =C14+D14 -> 4546.6142 | F14: ='[25]MG SoP 03B (BC)'!F14+'[25]MG SoP 03B (BO)'!F14+'[25]MG SoP 03B (And)'!F14+'[25]MG SoP 03B (Nad)'!F14+'[25]MG SoP 03B (Gdr)'!F14 -> 2720.0441 | G14: ='[25]MG SoP 03B (BC)'!G14+'[25]MG SoP 03B (BO)'!G14+'[25]MG SoP 03B (And)'!G14+'[25]MG SoP 03B (Nad)'!G14+'[25]MG SoP 03B (Gdr)'!G14 -> 1826.5701 | H14: 0 | I14: 0 | J14: =SUM(F14:I14) -> 4546.6142 | K14: =E14-J14 -> 0
A15: C(i) | B15: Meters- Stoped/Defective meter | C15: 0 | D15: ='[25]MG SoP 03B (BC)'!D15+'[25]MG SoP 03B (BO)'!D15+'[25]MG SoP 03B (And)'!D15+'[25]MG SoP 03B (Nad)'!D15+'[25]MG SoP 03B (Gdr)'!D15 -> 12954.401 | E15: =C15+D15 -> 12954.401 | F15: ='[25]MG SoP 03B (BC)'!F15+'[25]MG SoP 03B (BO)'!F15+'[25]MG SoP 03B (And)'!F15+'[25]MG SoP 03B (Nad)'!F15+'[25]MG SoP 03B (Gdr)'!F15 -> 8120.4683 | G15: ='[25]MG SoP 03B (BC)'!G15+'[25]MG SoP 03B (BO)'!G15+'[25]MG SoP 03B (And)'!G15+'[25]MG SoP 03B (Nad)'!G15+'[25]MG SoP 03B (Gdr)'!G15 -> 4833.9328 | H15: 0 | I15: 0 | J15: =SUM(F15:I15) -> 12954.401 | K15: =E15-J15 -> 0
A16: C(ii) | B16: Meters- Billing on average basis for > two bills | C16: 0 | D16: ='[25]MG SoP 03B (BC)'!D16+'[25]MG SoP 03B (BO)'!D16+'[25]MG SoP 03B (And)'!D16+'[25]MG SoP 03B (Nad)'!D16+'[25]MG SoP 03B (Gdr)'!D16 -> 5435.9942 | E16: =C16+D16 -> 5435.9942 | F16: ='[25]MG SoP 03B (BC)'!F16+'[25]MG SoP 03B (BO)'!F16+'[25]MG SoP 03B (And)'!F16+'[25]MG SoP 03B (Nad)'!F16+'[25]MG SoP 03B (Gdr)'!F16 -> 3413.7466 | G16: ='[25]MG SoP 03B (BC)'!G16+'[25]MG SoP 03B (BO)'!G16+'[25]MG SoP 03B (And)'!G16+'[25]MG SoP 03B (Nad)'!G16+'[25]MG SoP 03B (Gdr)'!G16 -> 2022.2476 | H16: 0 | I16: 0 | J16: =SUM(F16:I16) -> 5435.9942 | K16: =E16-J16 -> 0
A17: D(i) | B17: Over head lines - loose wires | C17: 0 | D17: ='[25]MG SoP 03B (BC)'!D17+'[25]MG SoP 03B (BO)'!D17+'[25]MG SoP 03B (And)'!D17+'[25]MG SoP 03B (Nad)'!D17+'[25]MG SoP 03B (Gdr)'!D17 -> 5539.5854 | E17: =C17+D17 -> 5539.5854 | F17: ='[25]MG SoP 03B (BC)'!F17+'[25]MG SoP 03B (BO)'!F17+'[25]MG SoP 03B (And)'!F17+'[25]MG SoP 03B (Nad)'!F17+'[25]MG SoP 03B (Gdr)'!F17 -> 3193.023 | G17: ='[25]MG SoP 03B (BC)'!G17+'[25]MG SoP 03B (BO)'!G17+'[25]MG SoP 03B (And)'!G17+'[25]MG SoP 03B (Nad)'!G17+'[25]MG SoP 03B (Gdr)'!G17 -> 2346.5624 | H17: 0 | I17: 0 | J17: =SUM(F17:I17) -> 5539.5854 | K17: =E17-J17 -> 0
A18: D(ii) | B18: Over head lines - in adiquate ground clearance | C18: 0 | D18: ='[25]MG SoP 03B (BC)'!D18+'[25]MG SoP 03B (BO)'!D18+'[25]MG SoP 03B (And)'!D18+'[25]MG SoP 03B (Nad)'!D18+'[25]MG SoP 03B (Gdr)'!D18 -> 1580.4971 | E18: =C18+D18 -> 1580.4971 | F18: ='[25]MG SoP 03B (BC)'!F18+'[25]MG SoP 03B (BO)'!F18+'[25]MG SoP 03B (And)'!F18+'[25]MG SoP 03B (Nad)'!F18+'[25]MG SoP 03B (Gdr)'!F18 -> 1110.2073 | G18: ='[25]MG SoP 03B (BC)'!G18+'[25]MG SoP 03B (BO)'!G18+'[25]MG SoP 03B (And)'!G18+'[25]MG SoP 03B (Nad)'!G18+'[25]MG SoP 03B (Gdr)'!G18 -> 470.28983 | H18: 0 | I18: 0 | J18: =SUM(F18:I18) -> 1580.4971 | K18: =E18-J18 -> 0
A19: E(i) | B19: Bills- for current bills where no addl information required | C19: 0 | D19: ='[25]MG SoP 03B (BC)'!D19+'[25]MG SoP 03B (BO)'!D19+'[25]MG SoP 03B (And)'!D19+'[25]MG SoP 03B (Nad)'!D19+'[25]MG SoP 03B (Gdr)'!D19 -> 5310.6833 | E19: =C19+D19 -> 5310.6833 | F19: ='[25]MG SoP 03B (BC)'!F19+'[25]MG SoP 03B (BO)'!F19+'[25]MG SoP 03B (And)'!F19+'[25]MG SoP 03B (Nad)'!F19+'[25]MG SoP 03B (Gdr)'!F19 -> 3546.6319 | G19: ='[25]MG SoP 03B (BC)'!G19+'[25]MG SoP 03B (BO)'!G19+'[25]MG SoP 03B (And)'!G19+'[25]MG SoP 03B (Nad)'!G19+'[25]MG SoP 03B (Gdr)'!G19 -> 1764.0514 | H19: 0 | I19: 0 | J19: =SUM(F19:I19) -> 5310.6833 | K19: =E19-J19 -> 0
A20: E(ii) | B20: Bills- for current bills where addl information required | C20: 0 | D20: ='[25]MG SoP 03B (BC)'!D20+'[25]MG SoP 03B (BO)'!D20+'[25]MG SoP 03B (And)'!D20+'[25]MG SoP 03B (Nad)'!D20+'[25]MG SoP 03B (Gdr)'!D20 -> 2631.19 | E20: =C20+D20 -> 2631.19 | F20: ='[25]MG SoP 03B (BC)'!F20+'[25]MG SoP 03B (BO)'!F20+'[25]MG SoP 03B (And)'!F20+'[25]MG SoP 03B (Nad)'!F20+'[25]MG SoP 03B (Gdr)'!F20 -> 1686.2265 | G20: ='[25]MG SoP 03B (BC)'!G20+'[25]MG SoP 03B (BO)'!G20+'[25]MG SoP 03B (And)'!G20+'[25]MG SoP 03B (Nad)'!G20+'[25]MG SoP 03B (Gdr)'!G20 -> 944.96353 | H20: 0 | I20: 0 | J20: =SUM(F20:I20) -> 2631.19 | K20: =E20-J20 -> 0
A21: F(i) | B21: Service connections- where extention of mains is not required | C21: 0 | D21: ='[25]MG SoP 03B (BC)'!D21+'[25]MG SoP 03B (BO)'!D21+'[25]MG SoP 03B (And)'!D21+'[25]MG SoP 03B (Nad)'!D21+'[25]MG SoP 03B (Gdr)'!D21 -> 10340.472 | E21: =C21+D21 -> 10340.472 | F21: ='[25]MG SoP 03B (BC)'!F21+'[25]MG SoP 03B (BO)'!F21+'[25]MG SoP 03B (And)'!F21+'[25]MG SoP 03B (Nad)'!F21+'[25]MG SoP 03B (Gdr)'!F21 -> 7158.9386 | G21: ='[25]MG SoP 03B (BC)'!G21+'[25]MG SoP 03B (BO)'!G21+'[25]MG SoP 03B (And)'!G21+'[25]MG SoP 03B (Nad)'!G21+'[25]MG SoP 03B (Gdr)'!G21 -> 3181.5336 | H21: 0 | I21: 0 | J21: =SUM(F21:I21) -> 10340.472 | K21: =E21-J21 -> 0
... A26: H | B26: Others | C26: 0 | D26: ='[25]MG SoP 03B (BC)'!D26+'[25]MG SoP 03B (BO)'!D26+'[25]MG SoP 03B (And)'!D26+'[25]MG SoP 03B (Nad)'!D26+'[25]MG SoP 03B (Gdr)'!D26 -> 24573.284 | E26: =C26+D26 -> 24573.284 | F26: ='[25]MG SoP 03B (BC)'!F26+'[25]MG SoP 03B (BO)'!F26+'[25]MG SoP 03B (And)'!F26+'[25]MG SoP 03B (Nad)'!F26+'[25]MG SoP 03B (Gdr)'!F26 -> 12661.708 | G26: ='[25]MG SoP 03B (BC)'!G26+'[25]MG SoP 03B (BO)'!G26+'[25]MG SoP 03B (And)'!G26+'[25]MG SoP 03B (Nad)'!G26+'[25]MG SoP 03B (Gdr)'!G26 -> 11911.576 | H26: 0 | I26: 0 | J26: =SUM(F26:I26) -> 24573.284 | K26: =E26-J26 -> 0
B27: TOTAL | C27: 0 | D27: =SUM(D10:D26) -> 248232 | E27: =SUM(E10:E26) -> 248232 | F27: =SUM(F10:F26) -> 119174.46 | G27: =SUM(G10:G26) -> 129057.54 | H27: =SUM(H10:H26) -> 0 | I27: =SUM(I10:I26) -> 0 | J27: =SUM(J10:J26) -> 248232 | K27: =E27-J27 -> 0
A28: The format is to be sent quarterly
A30: The quarterly reporting of the year means reporting for the period 1st Quarter as Jan – Mar, 2nd Quarter as Apr – Jun, 3rd Quarter as Jul – Sep and 4th Quarter as Oct – Dec of the year.
A32: For any other complaints not mentioned in the classification, the sequence for (H) can be used.

Sheet MG SoP 04
A1: ='[25]MG SoP 01'!A1 -> Name of Distribution Licensee: M G V C L
A2: ='[25]MG SoP 01'!A2 -> Quarter : Q-I (Apr-May-Jun-2023-24)
A3: ='[25]MG SoP 01'!A3 -> Year: 2023-24
A4: Performa SoP 004 : Publicity carried out while displaying the contact details of consumer complaints centers
A5: Particulars should also cover the details of consumer awareness program conducted, advertisement done through various media like TV, newspaper, radio, pamphlets & booklet distributions, Displays etc. The development of website and any medium through which public education is carried out can be included.
A7: Sr. No | B7: Actions or steps carried out by distribution licensee towards public awareness in the quarter | C7: Likely number of consumers influenced
A9: 1 | B9: RTI Officers Name is displayed at customer care centre on each office | C9: 3497411
A10: 2 | B10: Necessary information regarding time schedule for new connection and solving complaints is display on the board. | C10: 3497411
A11: 3 | B11: Contact nos. of various officers of the company for emergency contact is also displayed at customer care centre. | C11: 3497411
A12: 4 | B12: Displayed safety posters at various S/dn,Divisions | C12: 4600
A13: 5 | B13: Safety Meeting with Line Staff at various S/dn,Divisions on Every Monday (Line staff influenced) | C13: 3605

Sheet SOP-05
A1: ='[26]MG COVER PAGE'!A1 -> Name of Distribution Licensee: M G V C L
A2: SOP Q-I
A3: Year :2023-24
A4: Performa – SoP 005 B: Action taken report by the Redressal Committee
A5: Sr. No | B5: Month | C5: Name of Office | D5: Date and Time Meeting conducted | E5: No of complaints registered at the meeting | F5: No. of complaints pending at the end of the meeting
A6: 1 | B6: 1st Month of the quarter (APRIL-23) | C6: Cororate Office | D6: 27.04.23 11:30 AM at corporate office vadodara | E6: 1 | F6: 0
C7: Godhra C.O. | D7: NIL | E7: 0 | F7: 0
A8: 2 | B8: 2nd Month of the quarter (MAY23) | C8: Cororate Office | D8: 25.05.23 11:30 AM at corporate office vadodara | E8: 3 | F8: 0
C9: Godhra C.O. | D9: 06.05.23 11:30 AM at Godhra Circle Office Godhra. | E9: 1 | F9: 0
A10: 3 | B10: 3rd Month of the quarter (JUNE23) | C10: Cororate Office | D10: 26.06.23 11:30 AM at corporate office vadodara | E10: 3 | F10: ***2
C11: Godhra C.O. | D11: NIL | E11: 0 | F11: 0
A12: ***2 Hearing on 26/06/2023 Respondent didin't present at Corporate Office

Sheet MG SoP - 06
A1: Name of Distribution Licensee: M G V C L
A2: Financial Year: 2023-24
A3: Quarter : Q-I (Apr to Jun-2023)
A4: Performa SoP 006: Failure of Distribution Transformer
A5: Sr. No. | B5: Name of Circle | C5: Nos. of existing Distribution Transformers at the start of the quarter | D5: Nos. of Distribution Transformers added during the quarter | E5: Total number of Distribution Transformers on end of quarter | F5: Total number of Distribution transformer failed during quarter-IV | G5: % failure rate of Distribution transformer
C6: A | D6: B | E6: C=A+B | F6: D | G6: H = (D)*100/C
A7: 1 | B7: Baroda O&M | C7: 56779 | D7: =E7-C7 -> -280 | E7: 56499 | F7: 641 | G7: =F7*100/E7 -> 1.1345334
A8: 2 | B8: Baroda City | C8: 9503 | D8: =E8-C8 -> 346 | E8: 9849 | F8: 26 | G8: =F8*100/E8 -> 0.26398619
A9: 3 | B9: Anand | C9: 25316 | D9: =E9-C9 -> 397 | E9: 25713 | F9: 227 | G9: =F9*100/E9 -> 0.88282192
A10: 4 | B10: Nadiad | C10: 32905 | D10: =E10-C10 -> 38 | E10: 32943 | F10: 327 | G10: =F10*100/E10 -> 0.99262362
A11: 5 | B11: Godhra | C11: 61887 | D11: =E11-C11 -> -2722 | E11: 59165 | F11: 928 | G11: =F11*100/E11 -> 1.5684949
B12: MGVCL | C12: =SUM(C7:C11) -> 186390 | D12: =SUM(D7:D11) -> -2221 | E12: =SUM(E7:E11) -> 184169 | F12: =SUM(F7:F11) -> 2149 | G12: =F12/E12*100 -> 1.166863

Sheet SoP008
A1: ='[27]MG COVER PAGE'!A1 -> Name of Distribution Licensee: M G V C L
A2: ='[27]MG COVER PAGE'!A2 -> Quarter : Q-I (April-May-June- 2023)
A3: ='[27]MG COVER PAGE'!A3 -> Year: 2023-24
A4: Performa SoP 008: Sample Test result for Neutral Voltage
A6: Compliance Sample Test Report for Neutral Voltage
A7: -1 | B7: -2 | C7: -3 | D7: -4 | E7: -5 | F7: -6
A8: Sr. No | B8: Category of consumers | C8: Sample Size | D8: Standard specified in regulation | E8: Deviation of results from the sample test (Numbers) | F8: % age compliance
C9: (Numbers) | F9: (6) = (5)*100/(3)
B10: LT consumers | C10: =SUM(C11:C15) -> 1441 | D10: 2% | E10: =SUM(E11:E15) -> 0 | F10: =E10*100/C10 -> 0
A11: 1 | B11: Domestic | C11: 1023 | D11: 2% | E11: 0 | F11: =E11*100/C11 -> 0
A12: 2 | B12: Commercial | C12: 242 | D12: 2% | E12: 0 | F12: =E12*100/C12 -> 0
A13: 3 | B13: Industrial | C13: 23 | D13: 2% | E13: 0 | F13: =E13*100/C13 -> 0
A14: 4 | B14: Agricultural | C14: 143 | D14: 2% | E14: 0 | F14: 0
A15: 5 | B15: Public water works | C15: 10 | D15: 2% | E15: 0 | F15: 0
B16: HT consumers | D16: 2%
A17: 6 | B17: HT industrial | C17: 5 | D17: 2% | E17: 0 | F17: =E17*100/C17 -> 0

Sheet SoP009
A1: ='[27]MG COVER PAGE'!A1 -> Name of Distribution Licensee: M G V C L
A2: ='[27]MG COVER PAGE'!A2 -> Quarter : Q-I (April-May-June- 2023)
A3: ='[27]MG COVER PAGE'!A3 -> Year: 2023-24
A4: Performa SoP 009: Sample Test result for Voltage variations
A5: Compliance Sample Test Report for voltage variations
A6: -1 | B6: -2 | C6: -3 | D6: -4 | E6: -5
A7: Voltage Level | B7: Sample Size (numbers) | C7: Limit or prescribed standard | D7: Deviation of results from the sample test (Numbers) | E7: % age compliance
E8: (5) = (4)*100/(2)
A9: Low Voltage | B9: 56 | C9: +6% to -6% | D9: 0 | E9: =D9*100/B9 -> 0
A10: High Voltage | B10: 24 | C10: +6% to -9% | D10: 0 | E10: 0
A11: Extra High Voltage | B11: 1 | C11: +10% to -12.50% | D11: 0 | E11: 0

Sheet SoP010
A1: ='[27]MG COVER PAGE'!A1 -> Name of Distribution Licensee: M G V C L
A2: ='[27]MG COVER PAGE'!A2 -> Quarter : Q-I (April-May-June- 2023)
A3: ='[27]MG COVER PAGE'!A3 -> Year: 2023-24
A4: Performa SoP 010: Sample Test result for Harmonics
A5: Compliance Sample Test Report for Harmonics
A6: -1 | B6: -2 | C6: -3 | D6: -4 | E6: -5 | F6: -6
A7: Sr. No | B7: Category of consumers | C7: Sample size (Numbers) | D7: Limit or standard prescribed | E7: Deviation of results from the sample test (Numbers) | F7: %age compliance
F8: (6) = (5)*100/(3)
A9: 1 | B9: LT consumers | C9: 33 | D9: 0.035 | E9: 0 | F9: =E9*100/C9 -> 0
A10: 2 | B10: HT consumers | C10: 4 | D10: 0.03 | E10: 0 | F10: 0
A11: 3 | B11: EHT consumers | C11: 1 | D11: 0.03 | E11: 0 | F11: 0
A13: Note: The licensee shall also submit along with the above harmonic data, the records of customer wise drawls of harmonic currents measured at various strategic points.
A15: The formats SoP 008, SoP 009 and SoP 010 have to be sent annually.
A16: For the purpose of annual submissions, the year end has to be considered as the end of December month of a particular year.

Sheet 11A
A1: Q-1(April-June-23)
A2: Year: 2023-24
A3: SoP 011 –A: System Average Interruption Frequency Index (SAIFI)
A4: Sr. No | B4: Month | C4: Ni - Total no of customers for each momentary interruptions | D4: NT - Total no of customers served | H4: Past year corrosponding Month
A10: 1 | B10: 2 | C10: 3 | D10: 4 | E10: 5 | F10: 6=5/4
A11: 1 | B11: April' 23 | C11: 3150519 | D11: 3487488 | E11: 9352346 | F11: =E11/D11 -> 2.6816855 | H11: 2.32
A12: 2 | B12: May' 23 | C12: 3303725 | D12: 3488823 | E12: 15374696 | F12: =E12/D12 -> 4.4068432 | H12: 3.74
A13: 3 | B13: June' 23 | C13: 3367367 | D13: 3497411 | E13: 32258711 | F13: =E13/D13 -> 9.2235974 | H13: 4.88
D14: =SUM(D11:D13) -> 10473722 | E14: =SUM(E11:E13) -> 56985753 | F14: =E14/D14 -> 5.4408312 | H14: 3.64

Sheet 11B
A1: ='11A'!A1 -> Q-1(April-June-23)
A2: ='11A'!A2 -> Year: 2023-24
A3: SoP 011 – B System Average Interruption Duration Index (SAIDI)
A4: Sr. No | B4: Month | C4: ri = Restoration Time for each interruption event | D4: Ni - no of interrupted customers for each sustained interruption event | E4: ri * Ni – Total customer interruption Duration | F4: ri=Restoration Time for each interruption event | G4: Ni= No of Interrupted customers for each sustained Interruption | H4: NT - Total no of customers served | I4: Customer Interruption Duration | M4: Past year corrosponding Months
J5: MINS. | K5: HRS.
A6: 1 | B6: 2 | C6: 3 | D6: 4 | E6: 5= 3 X 4 | F6: 3 | G6: 4 | H6: 5 | I6: 6 | J6: 7=4/3 | K6: 7A | M6: MINS. | N6: HRS.
A7: 1 | B7: ='11A'!B11 -> April' 23 | C7: July | F7: 616755 | G7: 3150519 | H7: 3487488 | I7: 822074405 | J7: =I7/H7 -> 235.72107 | K7: 0.16388889 | M7: 181 | N7: 0.12569444
A8: 2 | B8: ='11A'!B12 -> May' 23 | C8: August | F8: 972655 | G8: 3303725 | H8: 3488823 | I8: 1255184194 | J8: =I8/H8 -> 359.77296 | K8: 0.25 | M8: 385 | N8: 0.26736111
A9: 3 | B9: ='11A'!B13 -> June' 23 | F9: 1894299 | G9: 3367367 | H9: 3497411 | I9: 2161775562 | J9: =I9/H9 -> 618.10738 | K9: 0.42916667 | M9: 413 | N9: 0.28680556
G10: =SUM(G7:G9) -> 9821611 | H10: =SUM(H7:H9) -> 10473722 | I10: =SUM(I7:I9) -> 4239034161 | J10: =I10/H10 -> 404.73044 | K10: =J10/1440 -> 0.28106281 | M10: 326 | N10: 0.22638889

Sheet 11C
A1: ='11A'!A1 -> Q-1(April-June-23)
A2: ='11B'!A2 -> Year: 2023-24
A3: SoP 011 – C: Momentary Average Interruption Frequency Index (MAIFI)
A4: Sr. No | B4: Month | C4: Number of Momentary interruptions Imi | D4: Nmi - Total no of customers for each momentary interruptions | E4: NT - Total no of customers served | I4: Past year corrosponding Month
A5: 1 | B5: 2 | C5: 3 | D5: 4 | E5: 5 | F5: 6 | G5: 7
A6: 1 | B6: ='11A'!B11 -> April' 23 | C6: 19548 | D6: 2917572 | E6: 3487488 | F6: 31721246 | G6: =F6/E6 -> 9.0957291 | I6: 8.11
A7: 2 | B7: ='11A'!B12 -> May' 23 | C7: 22548 | D7: 2984391 | E7: 3488823 | F7: 34594398 | G7: =F7/E7 -> 9.915779 | I7: 8.87
A8: 3 | B8: ='11A'!B13 -> June' 23 | C8: 47873 | D8: 3201236 | E8: 3497411 | F8: 77273633 | G8: =F8/E8 -> 22.094524 | I8: 9.77
E9: =SUM(E6:E8) -> 10473722 | F9: =SUM(F6:F8) -> 143589277 | G9: =F9/E9 -> 13.709479 | I9: 8.91

Sheet MG SoP - 13
B2: Name of Distribution Licensee: M G V C L
B3: Financial Year: 2023-24
B4: Quarter : Q-I (Apr to Jun-2023)
B5: Performa SoP 013: Faulty Meters Replacement
B6: Consumer Category | C6: No. of faulty meters at the start of the quarter | D6: No. of faulty meters added during the quarter | E6: Total no. of defective / faulty Meter | F6: No. of faulty Meters repaired and replaced | G6: No of faulty meters pending at the end of the quarter | H6: Remark
C7: 1 | D7: 2 | E7: (3)=(2)+(1) | F7: 4 | G7: (5)=(3)-(4)
B8: 1 PHASE
B9: MGVCL | C9: 6657 | D9: 29366 | E9: 36023 | F9: 29279 | G9: 6744
B10: 3 PHASE
B11: MGVCL | C11: 711 | D11: 4912 | E11: 5623 | F11: 5069 | G11: 554

Sheet MG SoP 16
A1: ='[27]MG COVER PAGE'!A1 -> Name of Distribution Licensee: M G V C L
A2: ='[27]MG COVER PAGE'!A2 -> Quarter : Q-I (April-May-June- 2023)
A3: ='[27]MG COVER PAGE'!A3 -> Year: 2023-24
A4: Performa SoP 016: Compensation details
A5: COMPENSATION DETAILS
A6: Sr.No. | B6: Event | C6: Compensation | D6: No of cases where compensation was given (in numbers) | E6: Amt of compensation paid (in Rs.)
A7: 1 | B7: Duty to provide supply | C7: Rs. 50 per day of delay from the limit specified in the performance regulations | D7: 0 | E7: 0
B8: a) New Connection | D8: 0 | E8: 0
B9: b) Additional Load | D9: 0 | E9: 0
B10: c) Temporary supply | D10: 0 | E10: 0
B11: d) Shifting service connection | D11: 0 | E11: 0
B12: e)Transfer of service connection | D12: 0 | E12: 0
B13: f) Change in tariff category of consumer | D13: 0 | E13: 0
A14: 2 | B14: Complaints in billing | C14: Rs. 50 for non reply within the period prescribed in Regulations | D14: 0 | E14: 0
A15: 3 | B15: Replacement of meters | C15: LT- Rs. 25 per day of delay - maximum Rs.2,500 and HT - Rs. 250 per day of delay - maximum of Rs.5,000 | D15: 0 | E15: 0
A16: 4 | B16: Interruption of supply | C16: LT- Rs. 25 for every 6 hrs of delay- maximum of Rs. 500 and HT- Rs. 50 for every 6 hrs delay- maximum Rs. 1000/- | D16: 0 | E16: 0
A17: 5 | B17: Voltage fluctuations and complaints | C17: Rs. 50 for failure to visit or convey findings within the stipulated period | D17: 0 | E17: 0
A18: 6 | B18: Responding to consumer's complaints | C18: Rs. 25 for each day of delay- maximum Rs. 500 | D18: 0 | E18: 0
A19: 7 | B19: Grievance Handling | C19: Rs.25 for failure in handling grievance | D19: 0 | E19: 0
A20: TOTAL | D20: =SUM(D7:D19) -> 0 | E20: =SUM(E7:E19) -> 0
